 Dungeon Crawl Stone Soup version 0.23.2-30-g0e89c35649 (webtiles) character file.

Game seed: 2633690747708822996

2441 CheeseeCupcake the Slinger (level 9, 0/52 HPs)
             Began as a Kobold Hunter on June 8, 2019.
             Was a Follower of Okawaru.
             Slain by a killer bee (8 damage)
             ... on level 5 of the Dungeon.
             The game lasted 00:46:26 (9048 turns).

CheeseeCupcake the Slinger (Kobold Hunter)          Turns: 9048, Time: 00:46:26

Health: 0/52       AC: 10    Str: 12    XL:     9   Next: 78%
Magic:  9/9        EV: 18    Int: 12    God:    Okawaru [*.....]
Gold:   300        SH:  5    Dex: 16    Spells: 8/8 levels left

rFire    . . .     SeeInvis .   a - +2 hunting sling
rCold    . . .     Gourm    .   o - +0 buckler
rNeg     . . .     Faith    .   r - +3 leather armour
rPois    .         Spirit   .   t - +0 helmet
rElec    .         Reflect  .   h - +2 cloak
rCorr    .         Harm     .   (no gloves)
MR       .....                  (no boots)
Stlth    ++++......             (no amulet)
HPRegen  0.17/turn              (no ring)
MPRegen  0.11/turn              (no ring)

@: hasted, very quick
A: small, carnivore
a: Heroism, Renounce Religion


You were on level 5 of the Dungeon.
You worshipped Okawaru.
Okawaru was aware of your devotion.
You were full.

You visited 2 branches of the dungeon, and saw 8 of its levels.

You collected 300 gold pieces.

Inventory:

Hand Weapons
 a - a +2 hunting sling (weapon)
 x - a +1 dagger of flaming
Missiles
 e - 176 stones (quivered)
Armour
 h - a +2 cloak (worn)
 o - a +0 buckler (worn)
 r - a +3 leather armour (worn)
 t - a +0 helmet (worn)
 y - the +1 leather armour "Colyraho" {Int+4}
   (You found it on level 4 of the Dungeon)

   It affects your intelligence (+4).
Jewellery
 n - a cursed -2 ring of evasion {unknown}
 q - the amulet of Dok Olas {Gourm rElec, unknown}
   (You found it on level 5 of the Dungeon)

   [amulet of the gourmand]

   It allows you to eat raw meat even when not hungry.
   It insulates you from electricity.
Wands
 b - a wand of iceblast (3)
 A - a wand of random effects (17)
Scrolls
 l - 3 scrolls of remove curse
 s - 4 scrolls of identify
 z - a scroll of teleportation {unknown}
Potions
 c - a potion of berserk rage {unknown}
 d - 3 potions of curing
 g - a potion of heal wounds {unknown}
 i - a potion of magic {unknown}
 j - 3 potions of ambrosia {unknown}
 k - 5 potions of flight
 p - 2 potions of degeneration {unknown}
 u - a potion of invisibility {unknown}
 v - a potion of agility {unknown}
 w - 2 potions of might {unknown}
 B - a potion of resistance {unknown}
Comestibles
 f - 14 rations


   Skills:
 - Level 4.3 Fighting
 - Level 3.5 Short Blades
 - Level 9.2 Slings
 - Level 1.6 Armour
 - Level 6.5 Dodging
 - Level 8.0 Stealth
 * Level 1.1 Shields


You had 8 spell levels left.
You didn't know any spells.
Your spell library contained the following spells:

 Spells                   Type           Power        Failure   Level  Hunger
 Confusing Touch          Hex            #.....       54%         1    ##.....
 Flame Tongue             Conj/Fire      #....        54%         1    ##.....
 Throw Flame              Conj/Fire      #.....       69%         2    ###....
 Confuse                  Hex            #.......     89%         3    ####...
 Conjure Flame            Conj/Fire      #.......     89%         3    ####...
 Gell's Gravitas          Tloc           #.........   89%         3    ####...
 Inner Flame              Hex/Fire       #.......     89%         3    ####...
 Petrify                  Tmut/Erth      #.......     100%        4    #####..
 Sticky Flame             Conj/Fire      #.......     100%        4    #####..
 Fireball                 Conj/Fire      #.........   100%        5    ######.
 Metabolic Englaciation   Hex/Ice        #.........   100%        5    ######.
 Yara's Violent Unravell  Hex/Tmut       #.........   100%        5    ######.


Dungeon Overview and Level Annotations

Branches:
Dungeon (7/15)             Temple (1/1) D:6

Altars:
Ashenzari
Dithmenos
Fedhas
Gozag
Hepliaklqana
Kikubaaqudgha
Makhleb
Okawaru
Qazlal
Ru
Trog
Uskayaw
Wu Jian
Xom
Yredelemnul
Zin

Shops:
D:5 [

Annotations:
D:2 exclusion: 2 downstairs
D:3 exclusion: downstairs


Innate Abilities, Weirdness & Mutations

You are small and have problems with some larger weapons.
You are carnivorous and can eat meat at any time.


Message History

The killer bee poisons you!
You feel better. The killer bee barely misses you.
The killer bee barely misses you. You block the killer bee's attack.
There is an escape hatch in the ceiling here.
The killer bee closely misses you. A mysterious force pulls you upwards.
The hatch slams shut behind you.
You are starting to lose your buoyancy.
The killer bee stings you!
* * * LOW HITPOINT WARNING * * *
There is an open door here.
The killer bee stings you.
* * * LOW HITPOINT WARNING * * *
The killer bee stings you but does no damage.
You block the killer bee's attack.
You float gracefully downwards.
You block the killer bee's attack. The killer bee misses you.
The killer bee stings you!
You die...

#.# #...#####[....'.
#.# ####.........##.
######.# ##.........###
#......# #..........#
##.##### #..........#
#.# #..........# #.#
#######.##'####### #.#
#.......##.#
#.#####..@y...##.######
#.....'.......##.##...#
#######......###.##...#
######## #.##...#
#.##...#
#########.##...#
#.........##...#
#.##########...##
#.#........'....#


You could see a killer bee.

Vanquished Creatures
  Sigmund (D:5)
  Eustachio (D:5)
  A hungry ghost (D:3)
  2 orc warriors
  3 ice beasts
  2 phantoms
  2 centaurs
  A big kobold (D:6)
  A bullfrog (D:6)
  A gnoll sergeant (D:7)
  A killer bee (D:6)
  4 howler monkeys
  4 crimson imps
  3 orc priests
  A hound (D:6)
  2 jellies
  Crazy Yiuf (D:2)
  An iguana (D:4)
  2 orc wizards (D:4)
  2 worker ants
  A hound skeleton (D:5)
  Robin (D:3)
  8 gnolls
  9 adders
  2 shadow imps (D:5)
  An ooze (D:4)
  2 adder skeletons
  6 worms
  3 dart slugs
  7 leopard geckos
  18 orcs
  6 giant cockroaches
  13 goblins
  11 hobgoblins
  6 jackals
  3 quokkas
  4 bats
  7 frilled lizards
  10 kobolds
  10 rats
164 creatures vanquished.

Vanquished Creatures (others)
  An orc (D:3)
1 creature vanquished.

Grand Total: 165 creatures vanquished

Notes
Turn   | Place    | Note
-------+----------+-------------------------------------------
     0 | D:1      | CheeseeCupcake the Kobold Hunter began the quest for the
                  | Orb.
     0 | D:1      | Reached XP level 1. HP: 12/12 MP: 1/1
   170 | D:1      | Reached XP level 2. HP: 17/17 MP: 2/2
   526 | D:1      | Reached XP level 3. HP: 18/21 MP: 3/3
   589 | D:1      | You fall through a shaft!
   618 | D:2      | Reached skill level 5 in Slings
  1349 | D:2      | Reached XP level 4. HP: 26/26 MP: 4/4
  1426 | D:3      | Noticed a hungry ghost
  1436 | D:2      | Reached skill level 1 in Short Blades
  2004 | D:3      | Noticed a centaur
  2411 | D:2      | Reached skill level 1 in Armour
  2411 | D:2      | Reached XP level 5. HP: 30/30 MP: 5/5
  2487 | D:2      | Found a runed translucent door.
  2488 | D:2      | Noticed Crazy Yiuf
  2880 | D:2      | Killed Crazy Yiuf
  3433 | D:3      | Killed a centaur
  3433 | D:3      | Reached skill level 6 in Slings
  3433 | D:3      | Reached XP level 6. HP: 16/36 MP: 6/6
  3817 | D:3      | Killed a hungry ghost
  3817 | D:3      | Reached XP level 7. HP: 38/40 MP: 7/7
  3863 | D:3      | Reached skill level 7 in Slings
  4001 | D:3      | Noticed Robin
  4037 | D:3      | Killed Robin
  4379 | D:3      | Found a blossoming altar of Fedhas.
  4511 | D:5      | Entered Level 5 of the Dungeon
  4725 | D:4      | Got a translucent leather armour
  4820 | D:4      | Identified the +1 leather armour "Colyraho" {Int+4} (You
                  | found it on level 4 of the Dungeon)
  4866 | D:4      | Reached skill level 8 in Slings
  4866 | D:4      | Reached XP level 8. HP: 38/46 MP: 8/8
  5243 | D:5      | Noticed Sigmund
  5375 | D:5      | Killed Sigmund
  5421 | D:5      | Got a warped emerald amulet
  5474 | D:5      | Reached skill level 9 in Slings
  5505 | D:5      | Noticed Eustachio
  5556 | D:5      | Found a stormy altar of Qazlal.
  5835 | D:5      | Killed Eustachio
  6330 | D:5      | Found a shimmering altar of Xom.
  6344 | D:5      | Found Cack's Armour Shop.
  6397 | D:5      | Reached skill level 5 in Stealth
  6397 | D:5      | Reached XP level 9. HP: 52/52 MP: 9/9
  6471 | D:5      | Reached skill level 5 in Dodging
  6472 | D:5      | Found a sacrificial altar of Ru.
  6904 | D:6      | Found a staircase to the Ecumenical Temple.
  6919 | Temple   | Entered the Ecumenical Temple
  6944 | Temple   | Became a worshipper of Warmaster Okawaru
  7550 | D:6      | Noticed a +0 dagger
  7550 | D:6      | Noticed a +0 hand axe
  7554 | D:6      | Found a hide-covered altar of Uskayaw.
  7972 | D:7      | Reached * piety under Okawaru
  8330 | D:7      | Identified the +7 hand axe "Oquul" {chop, rF++ Int+4}
  8669 | D:6      | Reached skill level 1 in Shields
  9048 | D:5      | Slain by a killer bee

Skill      XL: |  1  2  3  4  5  6  7  8  9 |
---------------+----------------------------+-----
Slings         | 5 6 8 9 |  9.2
Short Blades   | 1 2 3 |  3.5
Armour         | 1 |  1.6
Fighting       | 3 4 |  4.3
Dodging        | 4 6 |  6.5
Stealth        | 5 8 |  8.0
Shields        | 1 |  1.1

Action                   |  1- 3 |  4- 6 |  7- 9 || total
-------------------------+-------+-------+-------++-------
Melee: Dagger            |       |       |    39 ||    39
 Fire: Hunting sling     |    90 |   171 |   606 ||   867
  Use: Scroll            |       |     7 |     1 ||     8
       Potion            |       |       |     6 ||     6
  Eat: Chunk             |    10 |     6 |    21 ||    37
Armor: Leather armour    |     4 |    16 |    68 ||    88
Dodge: Dodged            |    21 |    53 |   235 ||   309
Block: Buckler           |       |       |    18 ||    18
